 Dungeon Crawl Stone Soup version 0.24.0-37-gcf1ca852f1 (webtiles) character file.

Game seed: 905650482672556704, levelgen mode: deterministic

391 NochnoyZador the Slasher (level 6, -1/35 HPs)
             Began as a Tengu Gladiator on Nov 23, 2019.
             Slain by a killer bee (6 damage)
             ... on level 3 of the Dungeon.
             The game lasted 00:15:07 (2738 turns).

NochnoyZador the Slasher (Tengu Gladiator)          Turns: 2738, Time: 00:15:07

Health: -1/35      AC:  4    Str: 16    XL:     6   Next: 80%
Magic:  7/7        EV: 16    Int:  8    God:
Gold:   68         SH:  5    Dex: 16    Spells: 5/5 levels left

rFire    + . .     SeeInvis .   a - +0 long sword
rCold    . . .     Gourm    .   t - +0 buckler
rNeg     . . .     Faith    +   b - +0 leather armour
rPois    .         Spirit   .   c - +0 hat
rElec    .         Reflect  .   v - +0 cloak
rCorr    .         Harm     .   (no gloves)
MR       .....                  (boots unavailable)
Stlth    +.........             m - amulet of faith
HPRegen  0.11/turn              k - ring of protection from fire
MPRegen  0.10/turn              (no ring)

@: flying quickly and evasively, quick
A: beak, talons 3, able to fly
a: Stop Flying


You were on level 3 of the Dungeon.
You were not hungry.

You visited 1 branch of the dungeon, and saw 3 of its levels.

You collected 68 gold pieces.

Inventory:

Hand Weapons
 a - a +0 long sword (weapon)
 q - a +0 dagger
 r - a +0 hunting sling
 u - a +2 quarterstaff of chaos
Missiles
 d - 3 throwing nets (quivered)
 e - 13 stones
 i - 11 poisoned darts
 j - 26 arrows
Armour
 b - a +0 leather armour (worn)
 c - a +0 hat (worn)
 t - a +0 buckler (worn)
 v - a +0 cloak (worn)
Jewellery
 k - a ring of protection from fire (left hand)
 m - an amulet of faith (around neck)
Scrolls
 g - a scroll of amnesia {unknown}
 h - a scroll of remove curse {unknown}
 o - 3 scrolls of identify
Potions
 l - a potion of invisibility {unknown}
 n - a potion of agility {unknown}
 p - 2 potions of might
 s - a potion of curing
Comestibles
 f - 7 rations
 w - a chunk of flesh


   Skills:
 - Level 2.0 Fighting
 + Level 6.9 Long Blades
 - Level 2.0 Throwing
 - Level 3.2 Dodging
 + Level 3.5 Shields


You had 5 spell levels left.
You didn't know any spells.
Your spell library was empty.

Dungeon Overview and Level Annotations

Branches:
Dungeon (3/15)

Altars:
Cheibriados
Kikubaaqudgha


Innate Abilities, Weirdness & Mutations

You have a beak for a mouth.
You have claws for feet.
You can fly continuously.


Message History

You slash the killer bee!
You kill the killer bee!
You feel sick.
You start resting.
You feel sick. x8
You are no longer poisoned.
You start resting.
The killer bee is too close now for your liking.
A killer bee is nearby!
Quiver which item? (- for none, * to show all) (? for menu, Esc to quit)
Quivering
d - 3 throwing nets for throwing.
The killer bee buzzes angrily.
You hear an angry buzzing noise.
A killer bee comes into view.
The killer bee stings you.
* * * LOW HITPOINT WARNING * * *
You block the killer bee's attack. The killer bee stings you.
* * * LOW HITPOINT WARNING * * *
The killer bee stings you.
You die...

# # # # # #
##############
############.........<...
#.....≈y@..≈≈≈.≈≈≈...≈...
#.≈≈≈≈≈y≈≈≈≈≈≈≈≈≈≈≈.≈≈≈≈≈
#.≈♣♣♣≈≈≈♣♣♣≈.≈♣♣♣≈.≈♣♣♣≈
#.≈ ♣≈.≈♣ ♣≈.≈♣ ♣≈.≈♣ ♣≈
#≈≈♣♣♣≈.≈♣♣♣≈≈≈♣♣♣≈≈≈♣♣♣≈
#≈≈≈≈≈≈.≈≈≈≈≈≈≈≈≈≈≈≈≈≈≈≈≈
#.≈.≈≈.........≈≈.≈.≈≈.≈≈
.≈≈≈≈≈≈.≈≈≈≈≈÷≈≈≈≈≈≈≈≈≈≈≈
.≈≈♣♣♣≈≈≈♣♣♣≈.≈♣♣♣≈≈≈♣♣♣≈


You could see 2 killer bees.

Vanquished Creatures
  2 killer bees (D:3)
  2 vampire bats (D:3)
  An orc priest (D:3)
  Crazy Yiuf (D:2)
  A bullfrog skeleton (D:3)
  5 adders
  A worm (D:2)
  A dart slug (D:2)
  4 leopard geckos
  4 orcs (D:3)
  3 ball pythons
  4 bat skeletons (D:3)
  2 bat zombies (D:3)
  5 giant cockroaches
  7 goblins
  5 hobgoblins
  2 jackals (D:1)
  4 quokkas (D:3)
  7 bats
  5 frilled lizards
  8 kobolds
  A quokka zombie (D:3)
  6 rats
  A fungus (D:2)
82 creatures vanquished.

Notes
Turn   | Place    | Note
-------+----------+-------------------------------------------
     0 | D:1      | NochnoyZador the Tengu Gladiator began the quest for the
                  | Orb.
     0 | D:1      | Reached XP level 1. HP: 12/12 MP: 2/2
    89 | D:1      | Reached XP level 2. HP: 17/17 MP: 3/3
   124 | D:1      | Reached skill level 4 in Long Blades
   221 | D:1      | You fall into a shaft and drop 1 floor!
   420 | D:1      | Reached XP level 3. HP: 21/21 MP: 4/4
   736 | D:2      | Reached skill level 5 in Long Blades
   858 | D:2      | Reached XP level 4. HP: 19/26 MP: 5/5
  1034 | D:2      | Found a snail-covered altar of Cheibriados.
  1612 | D:2      | Found a runed translucent door.
  1613 | D:2      | Noticed Crazy Yiuf
  1624 | D:2      | Killed Crazy Yiuf
  1624 | D:2      | Reached skill level 1 in Shields
  1624 | D:2      | Gained mutation: You can fly continuously. [Tengu growth]
  1624 | D:2      | Reached XP level 5. HP: 30/30 MP: 6/6
  1764 | D:3      | Found an ancient bone altar of Kikubaaqudgha.
  1766 | D:3      | Reached skill level 6 in Long Blades
  1989 | D:3      | Reached XP level 6. HP: 35/35 MP: 7/7
  2738 | D:3      | Slain by a killer bee

Levels and vault maps discovered:
D:1:      roderic_dead_forest, layout_basic, chequers_mini_garden,
          kennysheep_small_spiral
D:2:      layout_loops_cross, kennysheep_slug_shrine, uniq_crazy_yiuf_cottage
D:3:      layout_basic, kennysheep_vampire_church, first_ration,
          kennysheep_boxes

Skill      XL: |  1  2  3  4  5  6 |
---------------+-------------------+-----
Long Blades    | 4 5 6 |  6.9
Shields        | 1 2 3 |  3.5
Fighting       | |  2.0
Throwing       | |  2.0
Dodging        | |  3.2

Action                   |  1- 3 |  4- 6 || total
-------------------------+-------+-------++-------
Melee: Long sword        |    47 |    94 ||   141
       Kick              |    13 |    21 ||    34
       Peck              |     4 |    15 ||    19
Throw: Stone             |    81 |    94 ||   175
       Throwing net      |     1 |       ||     1
 Abil: Evoke Flight      |     1 |       ||     1
       Fly               |       |     1 ||     1
  Use: Scroll            |       |     1 ||     1
       Potion            |       |     2 ||     2
 Stab: Sleeping          |       |     4 ||     4
  Eat: Chunk             |       |     6 ||     6
Armor: Leather armour    |    11 |    14 ||    25
Dodge: Dodged            |    33 |    61 ||    94
Block: Buckler           |       |    15 ||    15
       Rpst.: Long sword |     9 |    19 ||    28
